 Dungeon Crawl Stone Soup version 0.21-a0-270-g8204059 (webtiles) character file.

37 tidbits the Insei (level 3, 0/27 HPs)
             Began as a Demigod Transmuter on Sept 14, 2017.
             Slain by a leopard gecko (3 damage)
             ... on level 2 of the Dungeon.
             The game lasted 00:06:17 (750 turns).

tidbits the Insei (Demigod Transmuter)               Turns: 750, Time: 00:06:18

Health: 0/27       AC:  2    Str: 13    XL:     3   Next: 7%
Magic:  3/8        EV: 12    Int: 19    God:
Gold:   70         SH:  0    Dex: 16    Spells: 0/6 levels left

rFire    . . .     SeeInvis .   b - +0 hunting sling
rCold    . . .     Gourm    .   (no shield)
rNeg     . . .     Faith    .   h - +0 robe
rPois    .         Spirit   .   (no helmet)
rElec    .         Reflect  .   (no cloak)
rCorr    .         Harm     .   (no gloves)
MR       .....                  (no boots)
Stlth    ++........             (no amulet)
HPRegen  0.09/turn              j - ring of stealth
MPRegen  0.11/turn              (no ring)

@: confused, appendage, very slightly contaminated
A: horns 2, high mp 1
a: End Transformation


You were on level 2 of the Dungeon.
You were not hungry.
You had grown temporary horns.
You visited 1 branch of the dungeon, and saw 3 of its levels.

You collected 70 gold pieces.

Inventory:

Hand Weapons
 b - a +0 hunting sling (weapon)
Missiles
 a - 29 arrows
 e - 16 poisoned needles
 g - 48 stones
 i - 23 sling bullets (quivered)
Armour
 h - a +0 robe (worn)
 l - a cursed +0 robe
Jewellery
 j - a ring of stealth (left hand)
   (You found it on level 1 of the Dungeon)
Scrolls
 f - 2 scrolls of identify {unknown}
Books
 c - a book of Changes

   Spells                             Type                      Level
   a - Beastly Appendage              Transmutation                1
   b - Sticks to Snakes               Transmutation                2
   c - Spider Form                    Transmutation/Poison         3
   d - Ice Form                       Ice/Transmutation            4
   e - Blade Hands                    Transmutation                5
Comestibles
 d - 2 bread rations
 k - 4 fruits


   Skills:
 - Level 0.8 Fighting
 - Level 1.7 Dodging
 * Level 3.3 Unarmed Combat
 - Level 2.0 Spellcasting
 + Level 2.4 Transmutations


You couldn't memorise any spells.
You knew the following spells:

 Your Spells              Type           Power        Failure   Level  Hunger
e - Beastly Appendage     Tmut           ##....       6%          1    #......
k - Sticks to Snakes      Tmut           ##......     10%         2    ###....
p - Spider Form           Tmut/Pois      #.........   30%         3    ###....


Dungeon Overview and Level Annotations

Branches:
Dungeon (3/15)


Innate Abilities, Weirdness & Mutations

You have an increased reservoir of magic. (+10% MP)
You have a pair of horns on your head.


Message History

Firing (i - inventory. (,) - cycle):
i - 16 sling bullets (quivered)
Press: ? - help, Shift-Dir - straight line, f/p - worm
Aim: a worm (heavily wounded)
You shoot a sling bullet. The sling bullet hits the worm.
The worm is severely wounded.
Casting: Beastly Appendage
Confirm with . or Enter, or press ? or * to list all spells.
You miscast Sticks to Snakes.
You are very lightly contaminated with residual magic.
Nothing appears to happen.
Casting: Sticks to Snakes
Confirm with . or Enter, or press ? or * to list all spells.
You create a snake!
You now have 29 arrows.
The worm bites you!
* * * LOW HITPOINT WARNING * * *
Your ball python bites the worm.
Your ball python grabs the worm.
Your ball python constricts the worm.
Your ball python bites the worm.
Your ball python constricts the worm.
The worm completely misses your ball python.
Firing (i - inventory. (,) - cycle):
i - 15 sling bullets (quivered)
Press: ? - help, Shift-Dir - straight line, f/p - worm
Aim: a worm (severely wounded, constricted by your ball python)
You shoot a sling bullet. The sling bullet hits the worm.
The worm is almost dead.
Your ball python bites the worm.
The worm dies!
You have reached level 3!
Your experience leads to a dramatic increase in your attributes!
Increase (S)trength, (I)ntelligence, or (D)exterity?
You feel clever. x2
Memorise Spider Form, consuming 3 spell levels and leaving 0?
You start memorising the spell.
You continue memorising. x3
You finish memorising.
Spell assigned to 'p'.
You swap places.
i - 15 sling bullets (gained 1)
i - 16 sling bullets (gained 1)
i - 17 sling bullets (gained 1)
i - 19 sling bullets (gained 2)
i - 20 sling bullets (gained 1)
Your magical contamination has completely faded away.
i - 21 sling bullets (gained 1)
i - 23 sling bullets (gained 2)
Your ball python withers and dies!
Found 4 fruits.
k - 4 fruits A jackal comes into view.
The jackal barks!
You hear a bark!
Found a runed robe.
A jackal comes into view.
Casting: Sticks to Snakes
Confirm with . or Enter, or press ? or * to list all spells.
You turn into a venomous arachnid creature.
Your +0 hunting sling melds into your body.
Your +0 robe melds into your body.
The jackal closely misses you.
You bite the jackal!
You kill the jackal!
Your transformation is almost over.
The jackal barely misses you.
You bite the jackal!
You kill the jackal!
Press: ? - help, v - describe, . - travel, g - get item A runed robe.
The floor.
You see here a runed robe.
l - a runed robe Your transformation has ended.
Your +0 hunting sling unmelds from your body.
Your +0 robe unmelds from your body.
You open the door.
A leopard gecko and a bat come into view.
Casting: Spider Form
Confirm with . or Enter, or press ? or * to list all spells.
You grow a pair of large bovine horns.
The leopard gecko hisses angrily.
Firing (i - inventory. (,) - cycle):
i - 23 sling bullets (quivered)
Press: ? - help, Shift-Dir - straight line, f - leopard gecko
Aim: a leopard gecko (clinging)
Okay, then.
Casting: Beastly Appendage
Confirm with . or Enter, or press ? or * to list all spells.
You miscast Spider Form.
You are very lightly contaminated with residual magic.
You are engulfed in noxious fumes.
You choke on the stench!
You are confused.
You're too confused to cast spells.
You're too confused to cast spells.
Unknown command.
You bump into the rock wall.
You are engulfed in noxious fumes.
You choke on the stench!
You are more confused.
* * * LOW HITPOINT WARNING * * *
The leopard gecko bites you.
* * * LOW HITPOINT WARNING * * *
You aren't carrying any potions.
Unknown command.
You bump into the rock wall.
You are engulfed in noxious fumes.
You choke on the stench!
You are more confused.
* * * LOW HITPOINT WARNING * * *
The leopard gecko bites you.
You die...

#.# .# #.# #.# ##.# ###
#+ #.# #... ..# ... #.#
##.# #.# .... ###.# ###
..# ..... ##.#.# #
.>####
......####....##########
..)..+
.....bl@................
..####
......####....##########
...# ..... ##.#.# ##
##.# .... ###.# #. #.#
... ##.# #. ##.# #+#
#..# #. ...# #.# #.## ##
.#########.### #.# # .#
#.........# #.#


You could see a leopard gecko and a bat.

Vanquished Creatures
  An adder (D:2)
  A dart slug (D:1)
  2 goblins (D:1)
  4 hobgoblins
  6 jackals
  A quokka (D:2)
  2 bats
  3 frilled lizards (D:1)
  3 kobolds
23 creatures vanquished.

Vanquished Creatures (collateral kills)
  A worm (D:2)
1 creature vanquished.

Grand Total: 24 creatures vanquished

Notes
Turn   | Place    | Note
-------+----------+-------------------------------------------
     0 | D:1      | tidbits the Demigod Transmuter began the quest for the Orb.
     0 | D:1      | Reached XP level 1. HP: 15/15 MP: 5/5
   182 | D:1      | Reached skill level 2 in Transmutations
   271 | D:1      | Reached skill level 3 in Unarmed Combat
   285 | D:1      | Reached XP level 2. HP: 16/22 MP: 7/7
   292 | D:1      | Learned a level 2 spell: Sticks to Snakes
   491 | D:2      | Reached skill level 2 in Spellcasting
   681 | D:2      | Reached XP level 3. HP: 5/27 MP: 3/8
   686 | D:2      | Learned a level 3 spell: Spider Form
   750 | D:2      | Slain by a leopard gecko

Vault maps used:
D:1:      dpeg_arrival_solitude
D:3:      lemuel_round_altar, uniq_natasha, uniq_grinder

Skill      XL: |  1  2 |
---------------+-------+-----
Transmutations | 2 |  2.4
Unarmed Combat | 3 |  3.3
Spellcasting   | 2 |  2.0
Fighting       | |  0.8
Dodging        | |  1.7

Action                   || total
-------------------------++-------
Melee: Unarmed           ||    47
       Headbutt          ||     3
       Kick              ||     1
 Fire: Hunting sling     ||    33
 Cast: Beastly Appendage ||    11
       Sticks to Snakes  ||     2
       Spider Form       ||     1
Armor: Robe              ||     5
Dodge: Dodged            ||    31

Table legend:
 A = Spawn XP
 B = Non-spawn XP
 C = Spawn XP percentage of total XP
 D = Spawn monster count
 E = Non-spawn monster count
 F = Spawn count percentage of total count
 G = Total turns spent on level
                    A         B        C        D         E        F      G
               +---------+---------+-------+---------+---------+-------+---------
         Total |       0 |      53 |   0.0 |       0 |      24 |   0.0 |   750
               +---------+---------+-------+---------+---------+-------+---------
           D:1 |       0 |      24 |   0.0 |       0 |      14 |   0.0 |   438
           D:2 |       0 |      27 |   0.0 |       0 |       9 |   0.0 |   258
           D:3 |       0 |       2 |   0.0 |       0 |       1 |   0.0 |    54
               +---------+---------+-------+---------+---------+-------+---------

Table legend:
 A = Turns spent in this place as a percentage of turns spent in the entire game.
 B = Non-inter-level travel turns spent in this place as a percentage of non-inter-level travel turns spent in the entire game.
 C = Inter-level travel turns spent in this place as a percentage of turns spent in this place.
 D = Turns resting spent in this place as a percentage of non-inter-level travel turns spent in this place.
 E = Turns spent auto-exploring this place as a percentage of non-inter-level travel turns spent in this place.
 F = Non-inter-level travel turns spent in this place divided by the number of levels of this place that you've seen.
                   A       B       C       D       E      F
               +-------+-------+-------+-------+-------+----------------------
         Total | 100.0 | 100.0 |   1.6 |   0.0 |   0.0 | 246.0
       Dungeon | 100.0 | 100.0 |   1.6 |   0.0 |   0.0 | 246.0
               +-------+-------+-------+-------+-------+----------------------

Table legend:
 A = Kills in this place as a percentage of kills in entire the game.
 B = Kills by you in this place as a percentage of kills by you in the entire game.
 C = Kills by friends in this place as a percentage of kills by friends in the entire game.
 D = Other kills in this place as a percentage of other kills in the entire game.
 E = Experience gained in this place as a percentage of experience gained in the entire game.
 F = Experience gained in this place divided by the number of levels of this place that you have seen.
                   A       B       C       D       E      F
               +-------+-------+-------+-------+-------+----------------------
         Total | 100.0 | 100.0 | 100.0 |   N/A | 100.0 |  17.7
       Dungeon | 100.0 | 100.0 | 100.0 |   N/A | 100.0 |  17.7
               +-------+-------+-------+-------+-------+----------------------

Vault maps used:
D:1:      dpeg_arrival_solitude
D:3:      lemuel_round_altar, uniq_natasha, uniq_grinder
